AoeStats
← wolololigma

Fortress

509270043Analyzed
3v3 RM · 6d ago on Sep 26, 2026· 27m 12s· 6 players
Game mode
Random Map
Map size
Large (8 player)
Population
200
Speed
Normal
Resources
Standard
Victory
Conquest
Starting age
Dark Age
Ending age
Imperial Age
RankedLock teamsTeams togetherTeam positionsShared explorationLock speedFull tech treeHidden civsTurbo modeCheats
Victory
Defeat
🇺🇸 Saxons · United States
1404
+5
🇳🇴 Saxons · Norway
1115
+14
🇳🇴 Saxons · Norway
830
+24
🇺🇸 Berbers · United States
1125
-16
🇺🇸 Wei · United States
1066
-14
🇺🇸 Bohemians · United States
1043
-13
DanTheMan
7:28 Feudal Age
8:07 Feudal Age
8:38 Double-Bit Axe
10:50 Horse Collar
14:28 Castle Age
12:58 Forging
12:11 Man-at-Arms
13:12 Gold Mining
14:03 Scale Mail Armor
15:10 Heavy Plow
15:54 Long Swordsman
16:49 Loom
17:51 Iron Casting
20:19 Squires
21:35 Wheelbarrow
wolololigma
6:59 Feudal Age
7:46 Double-Bit Axe
7:43 Horse Collar
12:59 Fletching
13:20 Forging
18:28 Castle Age
17:57 Padded Archer Armor
18:54 Crossbowman
FrenchFryd
7:43 Feudal Age
9:48 Double-Bit Axe
12:09 Castle Age
9:59 Double-Bit Axe
11:27 Horse Collar
14:56 Loom
16:35 Wheelbarrow
16:26 Bloodlines
16:17 Husbandry
20:57 Scale Barding Armor
21:02 Forging
20:56 Husbandry
21:19 Bow Saw
21:44 Light Cavalry
24:07 Chain Barding Armor
24:22 Iron Casting
25:49 Devotion
27:00 Iron Casting
Monster
7:55 Feudal Age
11:38 Castle Age
9:44 Horse Collar
9:53 Double-Bit Axe
12:48 Loom
18:12 Forging
18:26 Squires
18:58 Bow Saw
19:35 Iron Casting
21:27 Scale Mail Armor
24:26 Chain Mail Armor
Diego :)
7:13 Feudal Age
10:47 Castle Age
8:41 Double-Bit Axe
8:48 Horse Collar
13:47 Forging
15:37 Arson
17:18 Squires
19:51 Scale Mail Armor
22:39 Chain Mail Armor
25:31 Iron Casting
Mortalix
11:19 Feudal Age
13:11 Loom
13:50 Double-Bit Axe
15:21 Man-at-Arms
18:12 Fletching
20:26 Castle Age
19:24 Padded Archer Armor
24:00 Imperial Age
20:59 Crossbowman
22:53 Pikeman
24:20 Scale Mail Armor
24:16 Bodkin Arrow
25:37 Bow Saw
25:41 Squires
26:30 Forging
Connection lost

Rejoining the realm…

Still unreachable

The connection could not be restored.

Session expired

The server has moved on; the page needs a fresh start.